 Dungeon Crawl Stone Soup version 0.21.1-1-g345015f (webtiles) character file.

51 eccles the Skirmisher (level 3, -2/34 HPs)
             Began as a Minotaur Berserker on June 7, 2018.
             Was a Follower of Trog.
             Shot with an arrow by a centaur (10 damage)
             ... on level 2 of the Dungeon on June 11, 2018.
             The game lasted 00:06:27 (1150 turns).

eccles the Skirmisher (Minotaur Berserker)          Turns: 1150, Time: 00:06:27

Health: -2/34      AC:  4    Str: 21    XL:     3   Next: 58%
Magic:  2/2        EV: 12    Int:  4    God:    Trog [*.....]
Gold:   115        SH:  0    Dex: 10    Spells: 2/2 levels left

rFire    . . .     SeeInvis .   a - +0 hand axe
rCold    . . .     Gourm    .   (no shield)
rNeg     . . .     Faith    .   l - +0 leather armour (curse)
rPois    .         Spirit   .   (helmet restricted)
rElec    .         Reflect  .   g - +0 cloak
rCorr    .         Harm     .   (no gloves)
MR       .....                  (no boots)
Stlth    +.........             (no amulet)
HPRegen  0.11/turn              (no ring)
MPRegen  0.08/turn              (no ring)

@: no status effects
A: retaliatory headbutt, horns 2
a: Berserk, Burn Spellbooks, Renounce Religion


You were on level 2 of the Dungeon.
You worshipped Trog.
Trog was aware of your devotion.
You were not hungry.

You visited 1 branch of the dungeon, and saw 2 of its levels.

You collected 115 gold pieces.

Inventory:

Hand Weapons
 a - a +0 hand axe (weapon)
Missiles
 e - 2 tomahawks (quivered)
Armour
 b - a +0 animal skin
 g - a +0 cloak (worn)
 l - a cursed +0 leather armour (worn)
Jewellery
 h - an uncursed ring of flight
 i - a +5 ring of intelligence {unknown}
Scrolls
 k - a scroll of noise {unknown}
Potions
 d - a potion of curing
 j - a potion of agility {unknown}
 m - a potion of haste {unknown}
Comestibles
 c - 6 rations
 f - a chunk of flesh


   Skills:
 + Level 4.6 Fighting
 + Level 4.3 Axes
 + Level 2.9 Armour
 + Level 2.4 Dodging


You had 2 spell levels left.
You didn't know any spells.

Dungeon Overview and Level Annotations

Branches:
Dungeon (2/15)

Altars:


Innate Abilities, Weirdness & Mutations

You reflexively headbutt those who attack you in melee.
You have a pair of horns on your head.


Message History

The arrow closely misses you.
You see here an arrow.
The centaur shoots an arrow.
The arrow hits you but does no damage.
The centaur moves out of view.
The centaur shoots an arrow.
The arrow hits you!
The centaur shoots an arrow.
The arrow hits you!
You see here 2 arrows.
You open the door.
The centaur shoots an arrow.
The arrow hits you.
* * * LOW HITPOINT WARNING * * *
The centaur shoots an arrow.
The arrow hits you.
* * * LOW HITPOINT WARNING * * *
There is an open door here.
You see here an arrow.
You feel better.
The centaur shoots an arrow.
The arrow hits you.
The centaur shoots an arrow.
The arrow hits you!
* * * LOW HITPOINT WARNING * * *
The centaur shoots an arrow.
The arrow closely misses you.
You see here an arrow.
The centaur shoots an arrow.
The arrow hits you!
You die...

##.# #......# # #+# #.##.#.###.#
### .###.##.##...### #....
...............# #.##.
.###.###.##.##.# #.# .# #
##.##.##. #.# .. ##.. #.....##.
##.###P .... #..#####.###...≈P≈
##c## #@.#####....PP≈≈≈≈ ##...##
#.........P≈≈♣P♣≈≈ ##.....##
#.#######.≈P♣♣♣♣♣♣ ##.......##
#..## #.P≈♣ ♣♣
###.........####...#####..≈♣♣♣♣♣≈
..'.....(..(((.c.....<....≈≈≈≈P♣≈
###.........####...#######.P≈P≈P≈
##.......## ##..# ##≈P..≈.
##.....## ##.# #..P...


You could see a centaur.

Vanquished Creatures
  2 adders (D:2)
  A worm (D:2)
  2 dart slugs
  A leopard gecko (D:2)
  5 bats
  2 giant cockroaches (D:1)
  4 goblins
  A hobgoblin (D:2)
  3 kobolds
  5 rats
26 creatures vanquished.

Notes
Turn   | Place    | Note
-------+----------+-------------------------------------------
     0 | D:1      | eccles the Minotaur Berserker began the quest for the Orb.
     0 | D:1      | Reached XP level 1. HP: 19/19 MP: 0/0
   409 | D:1      | Reached XP level 2. HP: 26/27 MP: 1/1
   941 | D:2      | Reached XP level 3. HP: 30/34 MP: 2/2
  1136 | D:2      | Noticed a centaur
  1150 | D:2      | Shot with an arrow by a centaur

Skill      XL: |  1  2 |
---------------+-------+-----
Fighting       | 4 |  4.6
Axes           | 4 |  4.3
Armour         | |  2.9
Dodging        | |  2.4

Action                   || total
-------------------------++-------
Melee: Hand axe          ||    59
       Headbutt          ||    10
  Use: Scroll            ||     2
       Potion            ||     2
  Eat: Chunk             ||     1
Armor: Animal skin       ||    16
       Leather armour    ||     1
Dodge: Dodged            ||    35
